 Dungeon Crawl Stone Soup version 0.30.1-11-g7821555f0a (webtiles) character file.

Game seed: 11123551073301210484

40863 lonewolfV2 the Minotaur Cataclysm (level 13, -2/114 HPs)
             Began as a Minotaur Fighter on Nov 7, 2023.
             Was a High Priest of Qazlal.
             Slain by an enormous slime creature (21 damage)
             ... on level 14 of the Dungeon.
             The game lasted 00:29:33 (14616 turns).

lonewolfV2 the Minotaur Cataclysm (MiFi)           Turns: 14616, Time: 00:29:34

Health: -2/114     AC: 42    Str: 24    XL:     13   Next: 76%
Magic:  0/23       EV:  9    Int:  5    God:    Qazlal [*****.]
Gold:   2661       SH:  6    Dex: 12    Spells: 12/12 levels left

rFire   . . .        v - +8 dire flail (drain)
rCold   + . .        (shield currently unavailable)
rNeg    . . .        b - +6 crystal plate armour "Rubauv Byw" {+Inv rC+ Stlth+}
rPois   .            f - +1 hat
rElec   .            N - +0 cloak
rCorr   +            (no gloves)
SInv    .            i - +0 pair of boots
Will    .....        g - amulet of guardian spirit Stlth
                     r - ring of resist corrosion
HPRegen 0.39/turn    s - +4 ring of protection
MPRegen 0.18/turn

%: repel missiles, guardian spirit
@: protected from physical damage
A: horns 2, retaliatory headbutt, iridescent scales 1, shaggy fur 1, MP-powered
wands
a: Renounce Religion, Evoke Invisibility, Upheaval, Elemental Force, Disaster
Area


You were on level 14 of the Dungeon.
You worshipped Qazlal.
Qazlal was extremely pleased with you.
You visited 2 branches of the dungeon, and saw 16 of its levels.
You also visited: Ossuary.

You collected 2694 gold pieces.
You spent 33 gold pieces at shops.

Inventory:

Hand Weapons
 a - a +1 war axe of freezing
 v - a +8 dire flail of draining (weapon)
 K - the +9 rapier "Beju" {elec, rElec SInv}
   (You found it on level 10 of the Dungeon)

   rElec:     It insulates you from electricity.
   SInv:      It lets you see invisible.
Armour
 b - the +6 crystal plate armour "Rubauv Byw" (worn) {+Inv rC+ Stlth+}
   (You acquired it on level 11 of the Dungeon)

   rC:        It protects you from cold.
   +Inv:      It lets you turn invisible.
   Stlth:     It makes you more stealthy.
 c - a +0 buckler
 f - a +1 hat (worn)
 i - a +0 pair of boots (worn)
 w - a +3 scale mail of cold resistance
 N - a +0 cloak (worn)
Jewellery
 g - an amulet of guardian spirit (around neck)
 k - a ring of ice
 p - an amulet of regeneration
 r - a ring of resist corrosion (left hand)
 s - a +4 ring of protection (right hand)
 x - a ring of see invisible
 y - the amulet of the Princeling {Faith Stlth+}
   (You found it on level 8 of the Dungeon)

   [amulet of faith]

   It allows you to gain divine favour quickly.
   Stlth:     It makes you more stealthy.
 B - a ring of poison resistance
 O - a ring of protection from fire
Wands
 j - a wand of paralysis (5)
 u - a wand of digging (11)
 A - a wand of iceblast (18)
 J - a wand of flame (26)
Scrolls
 e - 2 scrolls of fear
 l - 4 scrolls of amnesia
 t - a scroll of fog
 E - 4 scrolls of teleportation
 G - 6 scrolls of identify
 I - a scroll of brand weapon
 M - a scroll of magic mapping
 P - a scroll of silence
 R - 2 scrolls of blinking
Potions
 d - 3 potions of might
 h - 8 potions of attraction
 m - 2 potions of flight
 n - 4 potions of cancellation
 o - 4 potions of resistance
 q - 6 potions of lignification
 z - 5 potions of brilliance
 C - a potion of berserk rage
 F - 2 potions of degeneration
 H - a potion of magic
 L - a potion of invisibility
 Q - a potion of curing
Miscellaneous
 D - a condenser vane


   Skills:
 + Level 10.4 Fighting
 - Level 2.9(5.9) Axes
 + Level 8.1(8.4) Maces & Flails
 - Level 12.5 Armour
 + Level 12.9 Dodging
 - Level 3.6 Shields
 - Level 15.2 Invocations


You had 12 spell levels left.
You didn't know any spells.
Your spell library contained the following spells:

 Spells                   Type           Power      Damage    Failure   Level
 Freeze                   Ice            0%         1d3       100%        1
 Summon Small Mammal      Summ           0%         N/A       100%        1
 Blink                    Tloc           0%         N/A       100%        2
 Ensorcelled Hibernation  Hex/Ice        0%         N/A       100%        2
 Sublimation of Blood     Necr           0%         N/A       100%        2
 Call Canine Familiar     Summ           0%         N/A       100%        3
 Frozen Ramparts          Ice            0%         1d1       100%        3
 Hailstorm                Conj/Ice       0%         3d3       100%        3
 Spider Form              Tmut/Pois      0%         N/A       100%        3
 Summon Guardian Golem    Hex/Summ       0%         N/A       100%        3
 Vhi's Electric Charge    Tloc/Air       0%         N/A       100%        3
 Anguish                  Hex/Necr       0%         N/A       100%        4
 Manifold Assault         Tloc           0%         N/A       100%        4
 Petrify                  Tmut/Erth      0%         N/A       100%        4
 Summon Ice Beast         Ice/Summ       0%         N/A       100%        4
 Arcjolt                  Conj/Air       0%         1d10      100%        5
 Irradiate                Conj/Tmut      0%         3d11      100%        5
 Summon Forest            Summ/Tloc      0%         N/A       100%        5
 Eringya's Noxious Bog    Tmut/Pois      0%         N/A       100%        6
 Plasma Beam              Fire/Air       0%         2x1d11    100%        6
 Simulacrum               Ice/Necr       0%         N/A       100%        6
 Storm Form               Tmut/Air       0%         N/A       100%        7
 Summon Hydra             Summ           0%         N/A       100%        7


Dungeon Overview and Level Annotations

Branches:
Dungeon (15/15)            Temple (1/1) D:4            Lair (0/5) D:8
    Orc (0/2) D:10         Vaults (0/5) D:13         Depths (0/4) D:15
Ossuary (visited)

Altars:
Ashenzari
Cheibriados
Dithmenos
Elyvilon
Fedhas
Gozag
Hepliaklqana
Kikubaaqudgha
Makhleb
Nemelex Xobeh
Qazlal
Ru
Sif Muna
Uskayaw
Vehumet
Wu Jian
Xom
Yredelemnul
Zin
The Shining One

Shops:
D:5 !(   D:6 *   D:10 (??

Portals:
Abyss: D:5
Trove: D:12 (show slimy rune of Zot)

Annotations:
D:5 2 transporters, Mig's ghost, novice HOFi
D:14 Roxanne
D:15 3 runed translucent doors, TuffENuff's ghost, journeyman FoFi; middlethird's ghost, journeyman VSMo


Innate Abilities, Weirdness & Mutations

You have a pair of horns on your head.
You reflexively headbutt those who attack you in melee.
You are partially covered in iridescent scales. (AC +2)
You are covered in fur. (AC +1)
You expend magic power (3 MP) to strengthen your wands.


Message History

You bludgeon the enormous slime creature!!
The enormous slime creature is heavily wounded.
A large slime creature splits.
You impale the enormous slime creature!!
The enormous slime creature is severely wounded.
The slime creature closely misses you. The enormous slime creature hits you!!
You impale the enormous slime creature!!
You drain the enormous slime creature!
You headbutt the enormous slime creature!
The enormous slime creature is severely wounded.
The slime creature barely misses you.
The slime creature completely misses you.
You furiously retaliate!
You headbutt the slime creature! The enormous slime creature hits you!!
You hit the enormous slime creature. You drain the enormous slime creature.
Your headbutt misses the enormous slime creature.
The enormous slime creature is almost dead.
The slime creature hits you.
The slime creature hits you but does no damage.
You block the enormous slime creature's attack.
You puncture the enormous slime creature!
You drain the enormous slime creature.
The enormous slime creature is almost dead.
The slime creature hits you but does no damage.
The slime creature closely misses you. The enormous slime creature hits you!!
You feel protected from physical attacks.
You bludgeon the enormous slime creature!!
You drain the enormous slime creature.
The enormous slime creature is almost dead.
The slime creature barely misses you.
The slime creature hits you but does no damage.
The enormous slime creature hits you!!
* * * LOW HITPOINT WARNING * * *
You feel more protected from physical attacks.
You feel better. The slime creature hits you.
* * * LOW HITPOINT WARNING * * *
The slime creature hits you.
* * * LOW HITPOINT WARNING * * *
The enormous slime creature hits you!!
You die...

######## #+##......#
.......>. .......
..... ☼.. #J####
######@J..# #####
+...°.J○°.# ....#
#.........# ....#
#.........# ....#
##..#######
....########..###...#
....##............).#
....................#
....................#


You could see an enormous slime creature (very drained) and 2 slime creatures.

Vanquished Creatures
  Nessos (D:12)
  Azrael (D:14)
  A slime creature (D:12)
  An ettin (D:12)
  Snorg (D:12)
  A rakshasa (D:12)
  2 hydras
  Erica (D:9)
  A boulder beetle (D:15)
  6 centaur warriors
  A catoblepas (D:13)
  3 two-headed ogres
  Urug (D:11)
  Sonja (D:13)
  A tengu warrior (D:13)
  A skeletal warrior (D:15)
  Lodul (D:13)
  A shadow dragon zombie (D:15)
  An orc knight (D:15)
  A deep elf pyromancer (D:12)
  Pikel (D:8)
  A phantasmal warrior (D:15)
  3 cyclopes
  A necromancer (D:15)
  3 ugly things (D:12)
  A salamander (shapeshifter) (D:13)
  4 manticores
  A black mamba (shapeshifter) (D:12)
  A gargoyle (D:14)
  Psyche (D:12)
  A freezing wraith (D:12)
  3 efreet
  4 kobold demonologists
  A komodo dragon (shapeshifter) (D:13)
  A guardian mummy (D:15)
  5 trolls
  3 meliai (D:15)
  3 hornets
  Grinder (D:4)
  A spriggan (shapeshifter) (D:13)
  3 spriggan skeletons (D:15)
  4 wyverns
  Sigmund (D:6)
  19 yaks
  2 wraiths
  4 fire elementals (D:14)
  Grum (D:9)
  4 vampire mosquitoes
  A steam dragon (D:7)
  A redback simulacrum (D:14)
  Edmund (D:4)
  2 acid dragons
  4 water moccasins (D:6)
  Duvessa (D:4)
  4 hell hounds (D:14)
  3 black bears
  4 orc warriors
  2 sky beasts
  An ice beast (D:8)
  5 wolves
  8 ogres
  13 centaurs
  A phantom (D:5)
  4 bullfrogs
  2 kobold brigands
  3 scorpions
  2 cane toad simulacra (D:13)
  5 wights (D:9)
  Dowan (D:4)
  9 killer bees
  3 howler monkeys (D:12)
  2 electric eels (D:8)
  11 hounds
  5 orc priests
  Crazy Yiuf (D:4)
  A gnoll bouda (D:10)
  2 jellies (D:5)
  3 iguanas
  3 sleepcaps
  Natasha (thrice) (D:3)
  8 orc wizards
  2 spriggan simulacra (D:13)
  A troll simulacrum (D:13)
  A wolf simulacrum (D:13)
  8 mummies (Ossuary)
  Robin (D:2)
  14 gnolls
  7 adders
  2 naga simulacra (D:13)
  3 white imps
  An ufetubus (D:5)
  3 worms
  4 dart slugs
  62 orcs
  5 ball pythons
  4 bats
  4 endoplasms
  4 giant cockroaches
  3 gnoll zombies (Ossuary)
  14 goblins
  4 hobgoblins
  3 jackals (D:2)
  5 quokkas
  2 frilled lizards
  2 hobgoblin zombies (Ossuary)
  21 kobolds
  3 orc zombies (Ossuary)
  4 rats
412 creatures vanquished.

Vanquished Creatures (others)
  An orc (D:7)
1 creature vanquished.

Grand Total: 413 creatures vanquished

Notes
Turn   | Place    | Note
-------+----------+-------------------------------------------
     0 | D:1      | lonewolfV2 the Minotaur Fighter began the quest for the
                  | Orb.
     0 | D:1      | Reached XP level 1. HP: 19/19 MP: 0/0
   198 | D:1      | Reached skill level 1 in Dodging
   255 | D:1      | Reached XP level 2. HP: 24/27 MP: 1/1
   756 | D:1      | Gained mutation: Your flesh is heat resistant. (rF+)
                  | [potion of mutation]
   756 | D:1      | Gained mutation: You are robust. (+10% HP) [potion of
                  | mutation]
   756 | D:1      | Gained mutation: You are partially covered in iridescent
                  | scales. (AC +2) [potion of mutation]
   812 | D:2      | Noticed a scorpion
   820 | D:2      | Killed a scorpion
   821 | D:2      | Reached XP level 3. HP: 35/37 MP: 0/2
   821 | D:2      | Reached XP level 4. HP: 43/45 MP: 0/3
   846 | D:2      | Noticed Robin
   855 | D:2      | Killed Robin
  1137 | D:2      | Reached XP level 5. HP: 49/51 MP: 2/4
  1584 | D:3      | Noticed Natasha
  1591 | D:3      | Killed Natasha
  1910 | D:3      | Noticed Natasha
  1917 | D:3      | Killed Natasha
  1918 | D:3      | Reached skill level 5 in Fighting
  1918 | D:3      | Reached skill level 5 in Armour
  2067 | D:3      | Noticed Natasha
  2073 | D:3      | Killed Natasha
  2074 | D:3      | Reached XP level 6. HP: 61/61 MP: 5/5
  2116 | D:4      | Found a staircase to the Ecumenical Temple.
  2120 | D:4      | Noticed Grinder
  2123 | D:4      | Paralysed by Grinder for 3 turns
  2128 | D:4      | Paralysed by Grinder for 3 turns
  2135 | D:4      | Paralysed by Grinder for 4 turns
  2143 | D:4      | Killed Grinder
  2144 | D:4      | Reached skill level 5 in Dodging
  2221 | D:4      | Got Sif Muna's Almanac of Hoarfrost and Electrocution
  2226 | Temple   | Entered the Ecumenical Temple
  2274 | Temple   | Became a worshipper of Qazlal Stormbringer
  2306 | D:4      | Identified the +7 falchion "Killer Bee's Regret" {elec,
                  | Str+2}
  2583 | D:4      | Noticed Dowan
  2583 | D:4      | Noticed Duvessa
  2591 | D:4      | Killed Duvessa
  2592 | D:4      | Reached skill level 1 in Invocations
  2592 | D:4      | Reached XP level 7. HP: 67/68 MP: 4/7
  2597 | D:4      | Killed Dowan
  2624 | D:4      | Reached skill level 2 in Invocations
  2800 | D:4      | Noticed Edmund
  2814 | D:4      | Killed Edmund
  3055 | D:4      | Found a runed translucent door.
  3056 | D:4      | Noticed Crazy Yiuf
  3182 | D:4      | Reached * piety under Qazlal
  3356 | D:4      | Killed Crazy Yiuf
  3357 | D:4      | Reached skill level 3 in Invocations
  3400 | D:5      | Entered Level 5 of the Dungeon
  3402 | D:5      | Found a transporter.
  3438 | D:5      | Found Bataan's Weapon Shop.
  3458 | D:5      | Reached skill level 1 in Maces & Flails
  3509 | D:5      | Found Ohomuru's Distillery.
  3517 | D:5      | Bought a potion of curing for 33 gold pieces
  3539 | D:5      | Reached XP level 8. HP: 78/78 MP: 9/9
  3597 | D:5      | Found a one-way gate to the infinite horrors of the Abyss.
  3597 | D:5      | Noticed Mig's ghost (novice HOFi)
  3614 | D:5      | Reached skill level 4 in Invocations
  3699 | D:5      | Noticed a toenail golem
  3781 | D:5      | Found a transporter.
  4115 | D:6      | Reached skill level 5 in Invocations
  4267 | D:6      | Noticed Sigmund
  4273 | D:6      | Killed Sigmund
  4297 | D:6      | Reached ** piety under Qazlal
  4505 | D:6      | Found a sand-covered staircase.
  4598 | Ossuary  | Entered an ossuary
  4613 | Ossuary  | Reached skill level 6 in Invocations
  4886 | Ossuary  | Lost mutation: Your flesh is heat resistant. (rF+) [potion
                  | of mutation]
  4886 | Ossuary  | Lost mutation: You are robust. (+10% HP) [potion of
                  | mutation]
  4886 | Ossuary  | Gained mutation: You are frail. (-10% HP) [potion of
                  | mutation]
  4886 | Ossuary  | Gained mutation: You have a pair of large horns on your
                  | head. [potion of mutation]
  4887 | Ossuary  | Lost mutation: You have a pair of large horns on your head.
                  | [potion of mutation]
  4887 | Ossuary  | Lost mutation: You are frail. (-10% HP) [potion of
                  | mutation]
  4887 | Ossuary  | Gained mutation: You are mostly covered in iridescent
                  | scales. (AC +4) [potion of mutation]
  4887 | Ossuary  | Gained mutation: You have very sharp teeth. [potion of
                  | mutation]
  4887 | Ossuary  | Lost mutation: You have very sharp teeth. [potion of
                  | mutation]
  4888 | Ossuary  | Lost mutation: You are mostly covered in iridescent scales.
                  | (AC +4) [potion of mutation]
  4888 | Ossuary  | Lost mutation: You are partially covered in iridescent
                  | scales. (AC +2) [potion of mutation]
  4888 | Ossuary  | Gained mutation: You are somewhat resistant to further
                  | mutation. [potion of mutation]
  4888 | Ossuary  | Gained mutation: You are frail. (-10% HP) [potion of
                  | mutation]
  4889 | Ossuary  | Lost mutation: You are somewhat resistant to further
                  | mutation. [potion of mutation]
  4889 | Ossuary  | Lost mutation: You are frail. (-10% HP) [potion of
                  | mutation]
  4889 | Ossuary  | Gained mutation: You occasionally shout uncontrollably at
                  | your foes. [potion of mutation]
  4889 | Ossuary  | Gained mutation: You have large cloven feet. [potion of
                  | mutation]
  4890 | Ossuary  | Lost mutation: You occasionally shout uncontrollably at
                  | your foes. [potion of mutation]
  4890 | Ossuary  | Lost mutation: You have large cloven feet. [potion of
                  | mutation]
  4890 | Ossuary  | Gained mutation: Your spells are a little harder to cast,
                  | but a little more powerful. [potion of mutation]
  4890 | Ossuary  | Gained mutation: Your muscles are strong. (Str +4, Int/Dex
                  | -1) [potion of mutation]
  4890 | Ossuary  | Gained mutation: Your mind is acute. (Int +4, Str/Dex -1)
                  | [potion of mutation]
  5161 | D:6      | Reached XP level 9. HP: 81/81 MP: 12/12
  5470 | D:6      | Found Coatal's Serpentskin Sales.
  5485 | D:6      | Reached skill level 5 in Maces & Flails
  5581 | D:7      | Reached skill level 7 in Invocations
  5721 | D:7      | Reached skill level 8 in Invocations
  5739 | D:7      | Reached *** piety under Qazlal
  5957 | D:7      | Found a white marble altar of Elyvilon.
  5958 | D:7      | Found a basalt altar of Yredelemnul.
  5958 | D:7      | Found a glowing golden altar of the Shining One.
  5959 | D:7      | Found an opulent altar of Gozag.
  5959 | D:7      | Found a shimmering altar of Xom.
  5959 | D:7      | Found a blossoming altar of Fedhas.
  6128 | D:7      | Lost mutation: Your mind is acute. (Int +4, Str/Dex -1)
                  | [potion of mutation]
  6128 | D:7      | Lost mutation: Your spells are a little harder to cast, but
                  | a little more powerful. [potion of mutation]
  6128 | D:7      | Gained mutation: Your body sometimes deteriorates upon
                  | taking damage. [potion of mutation]
  6128 | D:7      | Gained mutation: Your natural rate of healing is unusually
                  | fast. [potion of mutation]
  6128 | D:7      | Gained mutation: You are dopey. (Int -2) [potion of
                  | mutation]
  6128 | D:7      | Gained mutation: Your system is resistant to poisons.
                  | (rPois) [potion of mutation]
  6213 | D:7      | Noticed a kobold demonologist
  6216 | D:7      | Noticed an orange demon
  6235 | D:7      | Noticed a kobold demonologist
  6240 | D:7      | Noticed an ice devil
  6240 | D:7      | Noticed a kobold demonologist
  6242 | D:7      | Noticed a red devil
  6245 | D:7      | Killed a kobold demonologist
  6246 | D:7      | Noticed a red devil
  6254 | D:7      | Noticed a hellwing
  6258 | D:7      | Killed a kobold demonologist
  6259 | D:7      | Reached XP level 10. HP: 46/91 MP: 2/15
  6265 | D:7      | Reached skill level 9 in Invocations
  6713 | D:8      | Found a flagged portal.
  6718 | D:8      | Noticed Pikel
  6741 | D:8      | Killed Pikel
  6742 | D:8      | Reached skill level 10 in Fighting
  7035 | D:8      | Found a staircase to the Lair.
  7111 | D:8      | Identified the amulet of the Princeling {Faith Stlth+}
  7145 | D:8      | Reached skill level 10 in Invocations
  7602 | D:8      | Noticed a two-headed ogre
  7605 | D:8      | Killed a two-headed ogre
  7653 | D:8      | Reached **** piety under Qazlal
  7678 | D:8      | Found a shadowy altar of Dithmenos.
  7723 | D:8      | Found a sacrificial altar of Ru.
  7881 | D:9      | Noticed Grum
  7917 | D:9      | Killed Grum
  8008 | D:9      | Found a broken altar of Ashenzari.
  8094 | D:9      | Noticed a two-headed ogre
  8106 | D:9      | Killed a two-headed ogre
  8107 | D:9      | Reached XP level 11. HP: 83/101 MP: 16/18
  8149 | D:9      | Noticed Erica
  8160 | D:9      | Killed Erica
  8278 | D:9      | Reached skill level 11 in Invocations
  8383 | D:9      | Noticed a two-headed ogre
  8388 | D:9      | Killed a two-headed ogre
  8571 | D:10     | Entered Level 10 of the Dungeon
  8590 | D:9      | Reached ***** piety under Qazlal
  8695 | D:10     | Found Ihag's Magic Scroll Shop.
  8815 | D:10     | Found Heck's Antique Weapon Emporium.
  8855 | D:10     | Identified the +9 rapier "Beju" {elec, rElec SInv}
  8864 | D:10     | Identified a scroll of acquirement
  8865 | D:10     | Acquired 966 gold pieces
  9099 | D:10     | Found Opaalef's Magic Scroll Shoppe.
  9152 | D:10     | Found a staircase to the Orcish Mines.
  9206 | D:11     | Noticed Urug
  9220 | D:11     | Killed Urug
  9221 | D:11     | Reached skill level 12 in Invocations
  9686 | D:11     | Acquired the +6 crystal plate armour "Rubauv Byw" {+Inv rC+
                  | Stlth+}
  9717 | D:12     | You fall into a shaft and drop 3 floors!
  9717 | D:15     | Entered Level 15 of the Dungeon
  9727 | D:15     | Found a gate leading to a gauntlet.
  9738 | D:15     | Noticed a centaur warrior
  9740 | D:15     | Noticed an eight-headed hydra
  9744 | D:15     | Killed a centaur warrior
  9745 | D:15     | Reached skill level 10 in Armour
  9749 | D:15     | Killed an eight-headed hydra
  9750 | D:15     | Reached XP level 12. HP: 98/107 MP: 20/20
  9903 | D:15     | Found a runed translucent gate.
  9904 | D:15     | Found a runed translucent gate.
  9904 | D:15     | Found a runed translucent gate.
  9905 | D:15     | Noticed middlethird's ghost (journeyman VSMo)
  9905 | D:15     | Noticed TuffENuff's ghost (journeyman FoFi)
  9920 | D:15     | Noticed a centaur warrior
  9938 | D:15     | Found a white marble altar of Elyvilon.
  9938 | D:15     | Found a glowing silver altar of Zin.
  9938 | D:15     | Found a glowing golden altar of the Shining One.
 10021 | D:15     | Noticed a boulder beetle
 10039 | D:15     | Killed a boulder beetle
 10081 | D:15     | Reached skill level 13 in Invocations
 10373 | D:15     | Killed a centaur warrior
 10401 | D:15     | Reached skill level 10 in Dodging
 10579 | D:15     | Found a staircase to the Depths.
 10799 | D:14     | Noticed Azrael
 10806 | D:14     | Reached ****** piety under Qazlal
 10814 | D:14     | Killed Azrael
 10964 | D:14     | Noticed a centaur warrior
 10987 | D:14     | Killed a centaur warrior
 11027 | D:14     | Noticed Roxanne
 11053 | D:13     | Noticed a tengu warrior
 11060 | D:13     | Killed a tengu warrior
 11097 | D:13     | Noticed a catoblepas
 11100 | D:13     | Reached skill level 14 in Invocations
 11100 | D:13     | Reached XP level 13. HP: 111/114 MP: 22/22
 11152 | D:12     | Lost mutation: You are dopey. (Int -2) [potion of mutation]
 11152 | D:12     | Lost mutation: Your natural rate of healing is unusually
                  | fast. [potion of mutation]
 11152 | D:12     | Gained mutation: You do not regenerate when monsters are
                  | visible. [potion of mutation]
 11153 | D:12     | Lost mutation: Your system is resistant to poisons. (rPois)
                  | [potion of mutation]
 11153 | D:12     | Lost mutation: Your muscles are strong. (Str +4, Int/Dex
                  | -1) [potion of mutation]
 11153 | D:12     | Lost mutation: Your body sometimes deteriorates upon taking
                  | damage. [potion of mutation]
 11153 | D:12     | Gained mutation: Your flesh is cold resistant. (rC+)
                  | [potion of mutation]
 11154 | D:12     | Lost mutation: Your flesh is cold resistant. (rC+) [potion
                  | of mutation]
 11154 | D:12     | Lost mutation: You do not regenerate when monsters are
                  | visible. [potion of mutation]
 11154 | D:12     | Gained mutation: You are partially covered in iridescent
                  | scales. (AC +2) [potion of mutation]
 11154 | D:12     | Gained mutation: You are mostly covered in iridescent
                  | scales. (AC +4) [potion of mutation]
 11155 | D:12     | Lost mutation: You are mostly covered in iridescent scales.
                  | (AC +4) [potion of mutation]
 11155 | D:12     | Lost mutation: You are partially covered in iridescent
                  | scales. (AC +2) [potion of mutation]
 11155 | D:12     | Gained mutation: You occasionally lose the ability to read
                  | scrolls when taking damage. [potion of mutation]
 11155 | D:12     | Gained mutation: You are strong-willed. (Will+) [potion of
                  | mutation]
 11155 | D:12     | Gained mutation: You possess an exceptional clarity of
                  | mind. [potion of mutation]
 11337 | D:12     | Found a portal to a secret trove of treasure.
 11450 | D:12     | Noticed Psyche
 11461 | D:12     | Killed Psyche
 11819 | D:12     | Noticed Snorg
 11830 | D:12     | Killed Snorg
 12003 | D:12     | Noticed an ettin
 12048 | D:12     | Killed an ettin
 12400 | D:12     | Lost mutation: You possess an exceptional clarity of mind.
                  | [potion of mutation]
 12400 | D:12     | Lost mutation: You are strong-willed. (Will+) [potion of
                  | mutation]
 12400 | D:12     | Lost mutation: You occasionally lose the ability to read
                  | scrolls when taking damage. [potion of mutation]
 12400 | D:12     | Gained mutation: You are partially covered in iridescent
                  | scales. (AC +2) [potion of mutation]
 12400 | D:12     | Gained mutation: You expend magic power (3 MP) to
                  | strengthen your wands. [potion of mutation]
 12400 | D:12     | Gained mutation: You are covered in fur. (AC +1) [potion of
                  | mutation]
 12614 | D:13     | Noticed Nessos
 12789 | D:13     | Noticed Lodul
 12825 | D:12     | Killed Nessos
 13101 | D:13     | Reached skill level 15 in Invocations
 13103 | D:13     | Killed Lodul
 13468 | D:13     | Noticed Sonja
 13474 | D:13     | Killed Sonja
 13856 | D:13     | Found a gate to the Vaults.
 14616 | D:14     | Slain by an enormous slime creature

Illustrated notes

Levels and vault maps discovered:
D:1:      eino_arrival_cavern_b, layout_loops_ring
D:2:      cheibrodos_old_hovel, layout_rooms, uniq_robin
D:3:      layout_loops_ring, uniq_natasha
D:4:      layout_loops_ring, minmay_temple_entry_junction, grunt_ministairs_8,
          dk_rats_in_the_wall, uniq_edmund, uniq_grinder,
          uniq_crazy_yiuf_cottage, uniq_duvessa
D:5:      layout_basic, gammafunk_ghost_abyssal_escape, serial_shops,
          nicolae_shop_scrapyard, nicolae_shop_stone, minmay_misc_feat_hallway
D:6:      layout_loops_corners, serial_rivers, chequers_serial_rivers_small_b,
          chequers_serial_rivers_room_a, chequers_serial_rivers_micro_c,
          chequers_serial_rivers_small_a, nicolae_ossuary_entry_ruins,
          guppyfry_shop_venom, uniq_sigmund
D:7:      layout_basic, grunt_temple_overflow_open
D:8:      layout_loops_corners, mainiacjoe_overflow_big_doors, erik_lair_island,
          enter_bailey_6, uniq_pikel
D:9:      layout_small_grid, lemuel_coloured_pillars_altar, uniq_grum,
          uniq_erica
D:10:     layout_cave_pools, hiddenorc1_lemuel, serial_shops,
          nicolae_stop_n_shop_2, kennysheep_mini, shop, chequers_mini_garden
D:11:     layout_gridville, uniq_urug
D:12:     layout_basic, enter_trove_0, minmay_evil_grid, uniq_psyche, uniq_snorg
D:13:     layout_cave_pools, david_vaults_2, serial_column_ruins,
          column_ruins_grid_4, column_ruins_corridor_straight,
          column_ruins_grid_3, column_ruins_open_tiny, column_ruins_grid_3,
          portal_ice_cave_entry_ice_simulacra, uniq_sonja, uniq_lodul,
          uniq_nessos
D:14:     layout_gridville, roderic_serpentine_path,
          chequers_serial_rivers_micro_d, uniq_roxanne, uniq_azrael
D:15:     gammafunk_depths_entry_grave, layout_basic, good_gods_temple_1,
          gammafunk_ghost_cemetery, gauntlet_entry_generic
Temple:   nicolae_temple_god_jail

Skill      XL: |  1  2  3  4  5  6  7  8  9 10 11 12 13 |
---------------+----------------------------------------+-----
Dodging        | 1 3 4 5 6 8 11 12 | 12.9
Fighting       | 4 5 6 7 9 10 | 10.4
Armour         | 4 5 6 10 11 12 | 12.5
Invocations    | 1 3 6 8 10 12 14 15 | 15.2
Maces & Flails | 1 4 6 8 |  8.1
Axes           | |  2.9
Shields        | |  3.6

Action                     |  1- 3 |  4- 6 |  7- 9 | 10-12 | 13-15 || total
---------------------------+-------+-------+-------+-------+-------++-------
  Melee: War axe           |    40 |   113 |    38 |       |       ||   191
         Headbutt          |     2 |    22 |    40 |    75 |    53 ||   192
         Dire flail        |       |       |   192 |   442 |   198 ||   832
         Unarmed           |       |       |       |       |    23 ||    23
 Invoke: Upheaval          |       |       |       |       |     1 ||     1
  Evoke: Wand              |       |       |       |     1 |     2 ||     3
    Use: Scroll            |     4 |     5 |    16 |     9 |       ||    34
         Potion            |     1 |       |     8 |    10 |    16 ||    35
 Armour: Scale mail        |    31 |    50 |   175 |   140 |       ||   396
         Crystal plate arm |       |       |       |   237 |   253 ||   490
         Skin              |       |       |       |       |    11 ||    11
  Dodge: Dodged            |    26 |    61 |   165 |   326 |   173 ||   751
         Repelled          |       |       |       |     2 |     1 ||     3
  Block: Buckler           |    10 |    33 |    10 |       |       ||    53
         Other             |       |       |    34 |   213 |    91 ||   338
